 Dungeon Crawl Stone Soup version 0.27-a0-686-gaed091b46b (webtiles) character file.

Game seed: 15416318427562658724

247 quinnr the Chiller (level 6, -3/30 HPs)
             Began as a Vine Stalker Ice Elementalist on Mar 20, 2021.
             Slain by Duvessa
             ... wielding a +0 rapier
              (10 damage)
             ... on level 4 of the Dungeon on Mar 21, 2021.
             The game lasted 00:13:02 (3224 turns).

quinnr the Chiller (Vine Stalker Ice Elementalist)  Turns: 3224, Time: 00:13:03

Health: -3/30      AC:  8    Str: 10    XL:     6   Next: 11%
Magic:  0/12       EV: 12    Int: 17    God:
Gold:   55         SH:  0    Dex: 15    Spells: 4/11 levels left

rFire    . . .     SeeInvis .   (no weapon)
rCold    . . .     Faith    .   (no shield)
rNeg     . . .     Spirit   +   a - +0 robe
rPois    .         Reflect  .   (no helmet)
rElec    .         Harm     .   (no cloak)
rCorr    .         Rampage  .   (no gloves)
Will     +....                  (no boots)
Stlth    ++........             (no amulet)
HPRegen  1.10/turn              h - ring of willpower
MPRegen  0.13/turn              (no ring)

@: mighty, ice-armoured
A: fangs 2, regeneration 1, magic shield, antimagic bite, no potion heal 3
a: no special abilities


You were on level 4 of the Dungeon.
You visited 1 branch of the dungeon, and saw 4 of its levels.

You collected 55 gold pieces.

Inventory:

Missiles
 d - 47 stones (quivered)
 g - 5 poisoned darts
Armour
 a - a +0 robe (worn)
Jewellery
 h - a ring of willpower (right hand)
Scrolls
 b - a scroll of silence {unknown}
 e - a scroll of noise {unknown}
 f - a scroll of identify {unknown}
 i - a scroll of blinking {unknown}
 k - a scroll of teleportation {unknown}
 n - a scroll of immolation {unknown}
 o - a scroll of enchant armour {unknown}
Potions
 c - a potion of lignification
 m - a potion of resistance {unknown}


   Skills:
 + Level 1.2 Fighting
 - Level 1.0 Throwing
 + Level 2.1 Dodging
 - Level 2.4 Stealth
 + Level 3.4 Spellcasting
 - Level 6.0 Ice Magic


You had 4 spell levels left.
You knew the following spells:

 Your Spells              Type           Power      Damage    Failure   Level
a - Freeze                Ice            92%        1d10      1%          1
b - Frozen Ramparts       Ice            46%        1d6       4%          3
c - Ozocubu's Armour      Ice            23%        N/A       4%          3

Your spell library contained the following spells:

 Spells                   Type           Power      Damage    Failure   Level
 Hailstorm                Conj/Ice       13%        3d5       43%         4
 Summon Ice Beast         Ice/Summ       13%        N/A       43%         4


Dungeon Overview and Level Annotations

Branches:
Dungeon (4/15)
 Temple: D:4-7

Altars:
Cheibriados
Gozag
Okawaru
Trog

Shops:
D:2 (

Annotations:
D:3 Sigmund
D:4 Dowan, Duvessa


Innate Abilities, Weirdness & Mutations

You have extremely sharp teeth.
Your natural rate of healing is unusually fast.
When hurt, damage is shared between your health and your magic reserves.
Your bite disrupts and absorbs the magic of your enemies.
Potions cannot restore your health.


Message History

Dowan, Brother of Duvessa comes into view.
He is wielding a +0 dagger.
Casting: Ozocubu's Armour (dangerous; 4% risk of failure)
Confirm with . or Enter, or press ? or * to list all spells.
Aiming: Freeze (safe; 1% risk of failure)
Press: ? - help, Shift-Dir - straight line, f - Duvessa
Aim: Duvessa, wielding a +0 rapier and wearing a +0 leather armour (moderately wounded)
You freeze Duvessa!
Duvessa is heavily wounded.
Dowan shouts!
The frozen ramparts melt away.
Duvessa hits you with a +0 rapier!
Dowan gestures wildly while chanting.
Dowan blinks!
Casting: Freeze (safe; 1% risk of failure)
Confirm with . or Enter, or press ? or * to list all spells.
Aiming: Freeze (safe; 1% risk of failure)
Press: ? - help, Shift-Dir - straight line, f/p - Duvessa
Aim: Duvessa, wielding a +0 rapier and wearing a +0 leather armour (heavily wounded)
You freeze Duvessa.
Duvessa is heavily wounded.
Duvessa hits you with a +0 rapier.
Casting: Freeze (safe; 1% risk of failure)
Confirm with . or Enter, or press ? or * to list all spells.
Aiming: Freeze (safe; 1% risk of failure)
Press: ? - help, Shift-Dir - straight line, f/p - Duvessa
Aim: Duvessa, wielding a +0 rapier and wearing a +0 leather armour (heavily wounded)
You freeze Duvessa.
Duvessa is severely wounded.
Duvessa hits you with a +0 rapier.
Casting: Freeze (safe; 1% risk of failure)
Confirm with . or Enter, or press ? or * to list all spells.
You don't have enough magic to cast this spell.
Duvessa hits you with a +0 rapier!
* * * LOW HITPOINT WARNING * * *
Unknown command.
It was a potion of might.
You feel very mighty all of a sudden. Duvessa misses you.
It was a potion of curing.
That felt strangely inert.
Duvessa hits you with a +0 rapier!
You die...

###...#...##..<#####.#.
#.#.#...##.### #.#.
###.#.#...##.# #.#.
#.#.#.#...##.# #...
#.#.#.#...##.# ##.#
####...#.#...##.# #.#
#.######.######.#
######.. ####.#
#e######.# ...###.
#....#
#.@......#.###.###.
#.####
####..####....)..#.
#.############
.########.#.##
#............#
#...#....#.)>
#####........#
#.#.#.#######
#........# #.#...#
#†###########.##### #.#
#...#).).# #.#
#...#)####


You could see Duvessa.

Vanquished Creatures
  A hound (D:4)
  A worker ant (D:4)
  6 gnolls (D:4)
  A howler monkey skeleton (D:4)
  7 adders
  An ooze (D:3)
  2 dart slugs (D:1)
  3 leopard geckos
  5 giant cockroaches
  6 goblins
  8 hobgoblins
  6 kobolds
  A quokka (D:2)
  6 bats
  2 frilled lizards
  6 rats
62 creatures vanquished.

Notes
Turn   | Place    | Note
-------+----------+-------------------------------------------
     0 | D:1      | quinnr the Vine Stalker Ice Elementalist began the quest
                  | for the Orb.
     0 | D:1      | Reached XP level 1. HP: 9/9 MP: 4/4
   194 | D:1      | Reached XP level 2. HP: 12/13 MP: 3/6
   973 | D:1      | Reached XP level 3. HP: 13/16 MP: 3/7
  1381 | D:1      | Learned a level 3 spell: Frozen Ramparts
  1386 | D:1      | Learned a level 3 spell: Ozocubu's Armour
  1482 | D:2      | Reached skill level 1 in Throwing
  1714 | D:2      | Gained mutation: Your natural rate of healing is unusually
                  | fast. [Vine Stalker growth]
  1714 | D:2      | Reached XP level 4. HP: 18/21 MP: 5/9
  1766 | D:2      | Reached skill level 5 in Ice Magic
  1855 | D:2      | Found an iron altar of Okawaru.
  1856 | D:2      | Found a bloodstained altar of Trog.
  1856 | D:2      | Found a snail-covered altar of Cheibriados.
  1857 | D:2      | Found an opulent altar of Gozag.
  1862 | D:2      | Found Somezohoa's Antique Weapon Boutique.
  2586 | D:3      | Noticed Sigmund
  2614 | D:4      | Reached XP level 5. HP: 16/24 MP: 1/10
  2807 | D:4      | Reached skill level 6 in Ice Magic
  3114 | D:4      | Reached skill level 1 in Fighting
  3197 | D:4      | Noticed Duvessa
  3218 | D:4      | Reached XP level 6. HP: 30/30 MP: 4/12
  3218 | D:4      | Noticed Dowan
  3224 | D:4      | Slain by Duvessa

Illustrated notes

Levels and vault maps discovered:
D:1:      elethiomel_arrival_shortcut, layout_basic, serial_bayou_pond_d
D:2:      layout_loops_ring, chequers_temple_overflow_statue_of_worship,
          serial_shops, shop
D:3:      layout_loops_ring, tso_metal_star, uniq_sigmund,
          uniq_crazy_yiuf_cottage
D:4:      layout_basic, serial_curves, eino_curves_03, eino_curves_04,
          uniq_duvessa

Skill      XL: |  1  2  3  4  5 |
---------------+----------------+-----
Throwing       | 1 |  1.0
Spellcasting   | 3 |  3.4
Ice Magic      | 5 6 |  6.0
Fighting       | 1 |  1.2
Dodging        | 2 |  2.1
Stealth        | |  2.4

Action                   |  1- 3 |  4- 6 || total
-------------------------+-------+-------++-------
Melee: Unarmed           |    28 |    49 ||    77
       Bite              |     7 |     8 ||    15
Throw: Stone             |     2 |     4 ||     6
       Dart              |     6 |       ||     6
 Cast: Freeze            |    41 |    25 ||    66
       Frozen Ramparts   |       |    14 ||    14
       Ozocubu's Armour  |       |     4 ||     4
  Use: Potion            |       |     3 ||     3
 Stab: Sleeping          |     1 |       ||     1
Armor: Robe              |    11 |     5 ||    16
       Skin              |       |     4 ||     4
Dodge: Dodged            |    34 |    47 ||    81

Table legend: (Time is in decaauts)
 A = Elapsed time spent in this place.
 B = Non-inter-level travel time spent in this place.
 C = Inter-level travel time spent in this place.
 D = Time resting spent in this place.
 E = Time spent auto-exploring this place.
 F = Levels seen in this place.
 G = Mean time per level.
                   A        B        C        D        E       F      G
               +--------+--------+--------+--------+--------+-----+--------+
         Total |   3224 |   3104 |    120 |    471 |   2059 |   4 |  806.0 |
       Dungeon |   3224 |   3104 |    120 |    471 |   2059 |   4 |  806.0 |
               +--------+--------+--------+--------+--------+-----+--------+

Top non-repeatable levels by time:
     D:1: 1386 daAuts
     D:2: 996 daAuts
     D:4: 630 daAuts
     D:3: 210 daAuts
